 Dungeon Sprint DCSS version 0.21-a0-396-ga924934 (webtiles) character file.

112 Kidiri the Thaumaturge (level 4, -6/24 HPs)
             Began as a Deep Elf Fire Elementalist on Oct 19, 2017.
             Mangled by a sun demon (12 damage)
             ... summoned by a kobold demonologist
             ... in the Dungeon (Sprint III: "The Ten Rune Challenge").
             The game lasted 00:02:40 (476 turns).

Kidiri the Thaumaturge (Deep Elf Fire Elementalist)  Turns: 476, Time: 00:02:40

Health: -6/24      AC:  4    Str:  5    XL:     4   Next: 63%
Magic:  13/17      EV: 13    Int: 21    God:
Gold:   39         SH:  0    Dex: 15    Spells: 8/21 levels left

rFire    . . .     SeeInvis .   d - +3 quarterstaff (chaos)
rCold    . . .     Gourm    .   (shield currently unavailable)
rNeg     . . .     Faith    .   a - +0 robe
rPois    .         Spirit   .   (no helmet)
rElec    .         Reflect  .   h - +0 cloak
rCorr    .         Harm     .   (no gloves)
MR       .....     NoTele   +   (no boots)
Stlth    ++........             (no amulet)
HPRegen  0.08/turn              (no ring)
MPRegen  0.15/turn              (no ring)

@: no status effects
A: rugged brown scales 1, blink, blurry vision 1
a: Blink


You were in the Dungeon.
You were not hungry.

You visited 1 branch You collected 39 gold pieces.

Inventory:

Hand Weapons
 d - a +3 quarterstaff of chaos (weapon)
Armour
 a - a +0 robe (worn)
 h - a +0 cloak (worn)
 j - a +0 leather armour
Scrolls
 i - a scroll of blinking
 l - a scroll of holy word {unknown}
 m - 4 scrolls of remove curse
 q - a scroll of torment {unknown}
 r - a scroll of identify {unknown}
Potions
 f - a potion of haste
 g - 2 potions of magic
 o - a potion of might {unknown}
 p - a potion of ambrosia {unknown}
 s - 2 potions of flight
Books
 b - a book of Flames

   Spells                             Type                      Level
   a - Flame Tongue                   Conjuration/Fire             1
   b - Throw Flame                    Conjuration/Fire             2
   c - Conjure Flame                  Conjuration/Fire             3
   d - Inner Flame                    Hexes/Fire                   3
   e - Sticky Flame                   Conjuration/Fire             4
   f - Fireball                       Conjuration/Fire             5
Comestibles
 c - a bread ration
 n - 2 meat rations


   Skills:
 - Level 2.4 Dodging
 - Level 2.4 Stealth
 * Level 9.1 Spellcasting
 + Level 5.0 Conjurations
 + Level 6.0 Fire Magic


You had 8 spell levels left.
You knew the following spells:

 Your Spells              Type           Power        Failure   Level  Hunger
a - Flame Tongue          Conj/Fire      ####.        1%          1    None
b - Throw Flame           Conj/Fire      ####..       1%          2    None
c - Conjure Flame         Conj/Fire      ####....     2%          3    None
d - Inner Flame           Hex/Fire       ###.....     6%          3    None
e - Sticky Flame          Conj/Fire      ####....     7%          4    ##.....


Dungeon Overview and Level Annotations

Branches:
Dungeon (1/1)

Altars:
Kikubaaqudgha
Sif Muna
Vehumet


Innate Abilities, Weirdness & Mutations

You are partially covered in rugged brown scales. (AC +1, +3% HP)
You can translocate small distances at will.
Scrolls take you a little longer to read.


Message History

The sun demon hits you but does no damage.
You see here a book of Cantrips.
Unknown command.
Unknown command.
Casting: Flame Tongue
Confirm with . or Enter, or press ? or * to list all spells.
Aiming: Sticky Flame
Press: ? - help, Shift-Dir - straight line, f - kobold demonologist
Aim: a kobold demonologist, wielding a dagger and wearing a robe The sticky flame hits the kobold demonologist.
The kobold demonologist is heavily wounded.
The kobold demonologist is covered in liquid flames!
The kobold demonologist burns!
The kobold demonologist closely misses you.
The wizard casts a spell.
The wizard blinks!
The sun demon hits you!
* * * LOW HITPOINT WARNING * * *
You are engulfed in flames!
Ouch! That really hurt!
You die...

#.......#..#..#
##.##...#..#..###+#+###+#
##.###..##+#..#§.........
###.##..###...'.⌠........
#..##..####...#...######+
...##..###....#.⌠.#
..##...##.....#...#
.##....#......#5###
###..##.#.....#3@K# #
#..#####....#_55# ▓ ▓▓▓▓
▓▓▓▓▓▓▓▓▓▓


You could see a sun demon, a kobold demonologist (burning), an iron imp, a
quasit and a shadow imp.

Vanquished Creatures
  A water elemental (D)
  Crazy Yiuf (D)
  A human (D)
  An ooze (D)
  3 rats (D)
7 creatures vanquished.

Vanquished Creatures (others)
  2 draconian scorchers (D)
  An ice dragon (D)
  6 hellions (D)
  A yaktaur (D)
  5 plants (D)
15 creatures vanquished.

Grand Total: 22 creatures vanquished

Notes
Turn   | Place    | Note
-------+----------+-------------------------------------------
     0 | D        | Kidiri the Deep Elf Fire Elementalist began the quest for the Orb.
     0 | D        | Reached XP level 1. HP: 10/10 MP: 6/6
    21 | D        | Reached skill level 4 in Spellcasting
    90 | D        | Killed a hellion
    92 | D        | Killed a hellion
   115 | D        | Killed a hellion
   115 | D        | Killed a hellion
   118 | D        | Killed a hellion
   185 | D        | Noticed Crazy Yiuf
   193 | D        | Killed Crazy Yiuf
   193 | D        | Reached skill level 6 in Spellcasting
   193 | D        | Reached XP level 2. HP: 15/15 MP: 4/11
   193 | D        | Reached XP level 3. HP: 19/19 MP: 4/13
   208 | D        | Killed a white draconian scorcher
   217 | D        | Reached skill level 7 in Spellcasting
   217 | D        | Reached skill level 5 in Fire Magic
   235 | D        | Killed a white draconian scorcher
   244 | D        | Learned a level 2 spell: Throw Flame
   248 | D        | Learned a level 3 spell: Conjure Flame
   252 | D        | Learned a level 3 spell: Inner Flame
   298 | D        | Killed an ice dragon
   328 | D        | Killed a hellion
   414 | D        | Killed a yaktaur
   428 | D        | Gained mutation: You have sharp toenails. [potion of mutation]
   428 | D        | Gained mutation: Your mind is acute. (Int +2) [potion of mutation]
   429 | D        | Lost mutation: Your mind is acute. (Int +2) [potion of mutation]
   429 | D        | Gained mutation: You are somewhat resistant to further mutation. [potion of mutation]
   429 | D        | Gained mutation: Armour fits poorly on your strangely shaped body. [potion of mutation]
   430 | D        | Lost mutation: Armour fits poorly on your strangely shaped body. [potion of mutation]
   430 | D        | Lost mutation: You have sharp toenails. [potion of mutation]
   430 | D        | Lost mutation: You are somewhat resistant to further mutation. [potion of mutation]
   430 | D        | Gained mutation: You have sharp toenails. [potion of mutation]
   430 | D        | Gained mutation: You have razor-sharp toenails. [potion of mutation]
   431 | D        | Lost mutation: You have razor-sharp toenails. [potion of mutation]
   431 | D        | Lost mutation: You have sharp toenails. [potion of mutation]
   431 | D        | Gained mutation: You can translocate small distances at will. [potion of mutation]
   431 | D        | Gained mutation: Scrolls take you a little longer to read. [potion of mutation]
   431 | D        | Gained mutation: You are partially covered in rugged brown scales. (AC +1, +3% HP) [potion of mutation]
   438 | D        | Noticed a water elemental
   442 | D        | Killed a water elemental
   442 | D        | Reached skill level 9 in Spellcasting
   442 | D        | Reached skill level 5 in Conjurations
   442 | D        | Reached XP level 4. HP: 24/24 MP: 12/17
   448 | D        | Learned a level 4 spell: Sticky Flame
   473 | D        | Found a radiant altar of Vehumet.
   474 | D        | Found a deep blue altar of Sif Muna.
   474 | D        | Found an ancient bone altar of Kikubaaqudgha.
   474 | D        | Noticed a wizard
   475 | D        | Noticed a sun demon
   476 | D        | Mangled by a sun demon

Vault maps used:
D:        dungeon_sprint_mu

Skill      XL: |  1  2  3 |
---------------+----------+-----
Spellcasting   | 6 9 |  9.1
Conjurations   | 3 5 |  5.0
Fire Magic     | 4 6 |  6.0
Dodging        | |  2.4
Stealth        | |  2.4

Action                   |  1- 3 |  4- 6 || total
-------------------------+-------+-------++-------
Melee: Unarmed           |     5 |       ||     5
 Cast: Flame Tongue      |    18 |     1 ||    19
       Sticky Flame      |       |     1 ||     1
  Use: Potion            |     7 |       ||     7
Armor: Robe              |       |     1 ||     1
Dodge: Dodged            |     9 |     1 ||    10

Table legend:
 A = Spawn XP
 B = Non-spawn XP
 C = Spawn XP percentage of total XP
 D = Spawn monster count
 E = Non-spawn monster count
 F = Spawn count percentage of total count
 G = Total turns spent on level
                    A         B        C        D         E        F      G
               +---------+---------+-------+---------+---------+-------+---------
         Total |       0 |     160 |   0.0 |       0 |       7 |   0.0 |   476
               +---------+---------+-------+---------+---------+-------+---------
             D |       0 |     160 |   0.0 |       0 |       7 |   0.0 |   476
               +---------+---------+-------+---------+---------+-------+---------
